 Dungeon Crawl Stone Soup version 0.14-a0-817-g3f7b0b1 (webtiles) character file.

2228140 Malachi the Skullcrusher (level 27, 175/175 HPs)
             Began as a Demonspawn Fighter on Nov 10, 2013.
             Was a High Priest of Kikubaaqudgha.
             Escaped with the Orb
             ... and 5 runes on Nov 12, 2013!
             The game lasted 08:30:06 (139517 turns).

Malachi the Skullcrusher (Demonspawn Fighter)     Turns: 139517, Time: 08:30:06

HP 175/175       AC 38     Str 29      XL: 27
MP  30/30        EV  7     Int  6 (8)  God: Kikubaaqudgha [*****.]
Gold 11458       SH 33     Dex 18      Spells:  0 memorised, 26 levels left

Res.Fire  : + + +   See Invis. : +   i - +9,+8 demon whip (flame)
Res.Cold  : + + +   Warding    : .   h - +3 gold dragon armour
Life Prot.: . . .   Conserve   : .   j - +1 shield {reflect}
Res.Poison: +       Res.Corr.  : +   (helmet unavailable)
Res.Elec. : +       Clarity    : .   y - +4 dragonskin cloak
Sust.Abil.: . .     Spirit.Shd : +   c - +0 pair of gauntlets {Str+3}
Res.Mut.  : .       Stasis     : +   k - +0 pair of boots "Muydghua" {rF+ rC++ Dex+2}
Res.Rott. : .       Flight     : .   R - amulet of stasis
Saprovore : . . .                    C - +6,+5 ring of slaying
                                     G - +6,+5 ring of slaying

@: quite resistant to hostile enchantments, extremely unstealthy
A: antennae 3, fangs 1, berserk 1, conserve scrolls, deformed body, demonic
guardian 3, fire resistance 1, hurl hellfire, -30% hp, -20% mp, poison
resistance, magic shield, magic regeneration, magic link, AC +4, Int -2
a: Hellfire, Receive Corpses, Torment, Renounce Religion
0: Orb of Zot
}: 5/15 runes: barnacled, slimy, silver, golden, gossamer


You escaped.
You worshipped Kikubaaqudgha.
Kikubaaqudgha was extremely pleased with you.
You were not hungry.

You visited 14 branches of the dungeon, and saw 79 of its levels.
You visited the Abyss 2 times.
You also visited: Ice Cave.

You collected 12650 gold pieces.
You spent 1192 gold pieces at shops.

Inventory:

Hand weapons
 f - the +10,+5 flail "Shrieffi" {antimagic, Noisy rC+ MR++}
   (Okawaru gifted it to you on level 3 of the Enchanted Forest)

   It disrupts the flow of magical energy around spellcasters and certain
   magical creatures (including the wielder).
   It protects you from cold.
   It affects your resistance to hostile enchantments.
   It makes noises.
 i - a +9,+8 demon whip of flaming (weapon)
 s - a +0,+2 eveningstar of distortion
 T - the +6,+6 morningstar of Plague {crush, rN+ Int+3}
   (You found it on level 5 of the Vaults)

   It inflicts extra damage upon your enemies.
   It affects your intelligence (+3).
   It protects you from negative energy.
Armour
 c - a +0 pair of gauntlets of strength (worn)
 h - a +3 gold dragon armour (worn)
 j - a +1 shield of reflection (worn)
 k - the +0 pair of boots "Muydghua" (worn) {rF+ rC++ Dex+2}
   (You bought it in a shop on level 15 of the Dungeon)

   It affects your dexterity (+2).
   It protects you from fire.
   It greatly protects you from cold.
 y - the +4 dragonskin cloak (worn)
   (You took it off Tiamat on level 2 of the Realm of Zot)
Magical devices
 g - a wand of hasting (4)
 w - a wand of teleportation (4)
 O - a wand of digging (3)
Comestibles
 r - 4 meat rations
Scrolls
 x - a scroll of silence
 z - 2 scrolls of enchant weapon II
 A - 3 scrolls of remove curse
 J - 3 scrolls of blinking
 K - a scroll of fear
 L - 2 scrolls of recharging
 Q - a scroll of brand weapon
 U - 5 scrolls of identify
 V - a scroll of enchant weapon I
 W - 4 scrolls of magic mapping
 Y - 3 scrolls of teleportation
 Z - 3 scrolls of fog
Jewellery
 b - an uncursed amulet of faith
 d - a +7,+3 ring of slaying
 l - the amulet "Bamuotty" {Gourm +Blink MR+}
   (You found it on level 7 of the Dungeon)

   [amulet of the gourmand]

   It affects your resistance to hostile enchantments.
   It lets you blink.
 m - an uncursed amulet of resist mutation
 n - the amulet of Hyqoqapo {Gourm Str+3 Int+4}
   (You found it on level 6 of the Pits of Slime)

   [amulet of the gourmand]

   It affects your strength (+3).
   It affects your intelligence (+4).
 u - an uncursed ring of positive energy
 C - a +6,+5 ring of slaying (right hand)
 E - an uncursed ring of sustain abilities
 F - an uncursed ring of teleport control
 G - a +6,+5 ring of slaying (left hand)
 H - an uncursed ring of protection from magic
 I - an uncursed amulet of rage
 N - an uncursed amulet of conservation
 R - an amulet of stasis (around neck)
 S - a +6 ring of evasion
Potions
 a - 3 potions of flight
 o - a potion of curing
 p - 3 potions of agility
 v - 2 potions of speed
 B - 2 potions of might
 D - a potion of berserk rage
 P - 2 potions of restore abilities
 X - 2 potions of magic
Books
 e - a book of Battle

   Spells                             Type                      Level
   Infusion                           Charms                       1
   Shroud of Golubria                 Charms/Translocation         2
   Song of Slaying                    Charms                       2
   Spectral Weapon                    Hexes/Charms                 3
   Regeneration                       Charms/Necromancy            3
 q - a book of War Chants

   Spells                             Type                      Level
   Fire Brand                         Charms/Fire                  2
   Freezing Aura                      Charms/Ice                   2
   Shroud of Golubria                 Charms/Translocation         2
   Repel Missiles                     Charms/Air                   2
   Poison Weapon                      Charms/Poison                3
   Regeneration                       Charms/Necromancy            3
 t - Kikubaaqudgha's Collected Works on Evil Rituals
   (Kikubaaqudgha gifted it to you on level 2 of the Realm of Zot)

   Spells                             Type                      Level
   Excruciating Wounds                Charms/Necromancy            5
   Dispel Undead                      Necromancy                   5
   Twisted Resurrection               Necromancy                   5
   Bolt of Draining                   Conjuration/Necromancy       6
   Simulacrum                         Ice/Necromancy               6
 M - Kikubaaqudgha's Catalogue of Evil Secrets
   (Kikubaaqudgha gifted it to you on level 1 of the Realm of Zot)

   Spells                             Type                      Level
   Animate Skeleton                   Necromancy                   1
   Lethal Infusion                    Charms/Necromancy            2
   Sublimation of Blood               Necromancy                   2
   Regeneration                       Charms/Necromancy            3
   Control Undead                     Necromancy                   4


   Skills:
 * Level 26.8 Fighting
 O Level 27 Maces & Flails
 + Level 0.3 Throwing
 O Level 27 Armour
 - Level 5.4 Dodging
 - Level 0.2 Stealth
 - Level 16.2 Shields
   Level 13.0 Invocations
 - Level 8.0 Evocations


You had 26 spell levels left.
You didn't know any spells.

Dungeon Overview and Level Annotations

Branches:
Dungeon (27/27)            Temple (1/1) D:4             Orc (4/4) D:10
    Elf (3/3) Orc:4          Lair (8/8) D:9          Shoals (5/5) Lair:6
 Spider (5/5) Lair:5        Slime (6/6) Lair:7       Vaults (5/5) D:17
  Blade (1/1) Vaults:4       Tomb (3/3) Forest:3       Hell (1/1)
    Dis (0/7) Hell            Geh (0/7) Hell            Coc (0/7) Hell
    Tar (0/7) Hell            Zot (5/5) D:27         Forest (5/5) Vaults:2

Altars:
Cheibriados
Elyvilon
Fedhas
Kikubaaqudgha
Makhleb
Nemelex Xobeh
Okawaru
Sif Muna
Trog
Vehumet
Yredelemnul
Zin
the Shining One
Beogh

Shops:
D:6 +   D:7 /   D:15 [**[=}   D:21 *[!%   D:25 (   Orc:3 (   Orc:4 [((
Elf:2 (   Vaults:2 *

Portals:
Hell: D:21 D:22 D:23 D:24 D:25 D:26 D:27
Abyss: D:23 D:26
Pandemonium: D:21 D:24 D:25 D:27

Annotations:
Shoals:5 Ilsuiw
Zot:5 exclusion: orange crystal statue


Innate Abilities, Weirdness & Mutations

You have a pair of large antennae on your head (SInv).
You are completely covered in yellow scales (AC +4, rCorr).
You are very good at protecting items from fire.
A powerful demonic guardian rushes to your aid.
Your flesh is heat resistant.
You can hurl blasts of hellfire.
When hurt, damage is shared between your health and your magic reserves.
You regenerate magic rapidly.
When low on magic, you restore magic in place of health.
You have very sharp teeth.
You tend to lose your temper in combat.
Armour fits poorly on your strangely shaped body.
You are dopey. (Int -2)
You are extremely frail (-30% HP).
Your magical capacity is very low (-20% MP).
Your system is resistant to poisons.


Message History

Unknown command.
You climb upwards.
You sense a powerful magical force warping space.
There is a stone staircase leading down here.
There is a stone staircase leading up here.
You climb upwards.
You sense a powerful magical force warping space.
There is a stone staircase leading down here.
There is a stone staircase leading up here.
You climb upwards.
You sense a powerful magical force warping space.
There is a stone staircase leading down here.
HP restored.
There is a stone staircase leading up here.
You climb upwards.
You sense a powerful magical force warping space.
There is a stone staircase leading down here.
You hear a grinding noise.
There is a staircase leading out of the dungeon here.
You have escaped!

...##.####..######.##..####[.....
...##.# ###.###..##.#.##........
...##.# ##.##..#.##.##........
....#.# #.##.##.#............
.%.(#.#######..###..#....##.#####
............##..#..##............
##(##........#..#..#.............
...(.........##...##........#(###
##.########.###.@(####...%.%#.#
##.# #(###...## #......#.# ##.##
#>.#..#..###..##..#.### ....#
#.##..#..##...##..#...#
....#######.#..###..#...##..#...#
............#.##.##.#...........)
##...##...###.#...#.##......#.###
#...##...##.##..###.#...#.##.#
##(..##.....##...# ##....#.##.#


There were no monsters in sight!

Vanquished Creatures
  the royal jelly (Slime:6)
  4 orbs of fire
  Tiamat (Zot:2)
  Dissolution (Slime:4)
  3 ancient liches
  27 greater mummies
  Saint Roka (Elf:3)
  Boris (Forest:5)
  Margery (D:25)
  Norris (D:17)
  2 Killer Klowns (Zot:5)
  the Enchantress (Forest:5)
  Mara (Forest:1)
  Mennas (Vaults:3)
  Geryon (Hell)
  4 curse toes
  Jory (D:26)
  9 golden dragons
  9 bone dragons
  Xtahua (D:25)
  An illusory Mara (Forest:1)
  3 electric golems
  Frederick (Tomb:1)
  A Hell Sentinel (D:6)
  12 tentacled monstrosities
  26 Orb Guardians
  The ghost of ghwc the Unseen, a mighty HaEn of Ashenzari (D:19)
  8 titans
  7 deep elf blademasters (Elf:3)
  12 storm dragons
  6 deep elf master archers (Elf:3)
  7 thorn hunters
  3 liches
  A kraken (Shoals:1)
  Polyphemus (Shoals:3)
  19 acid blobs
  The ghost of timbw the Destroyer, a mighty HEWz of Vehumet (Slime:1)
  10 tengu reavers
  Rupert (Spider:1)
  Agnes (D:16)
  17 shadow dragons
  Kirke (Elf:3)
  9 sphinxes
  Roxanne (Shoals:3)
  6 draconian monks
  4 draconian knights
  19 fire giants
  7 azure jellies
  3 tentacled starspawn
  Donald (Orc:3)
  6 orc warlords
  Wiglaf (D:25)
  4 ghost moths
  An iron dragon (Vaults:5)
  2 cacodemons
  10 draconian scorchers
  8 vault wardens
  8 frost giants
  Aizul (D:17)
  4 emperor scorpions (Spider:5)
  11 draconian zealots
  9 deep elf sorcerers (Elf:3)
  Jorgrun (D:24)
  49 stone giants
  3 balrugs
  2 ancient bears
  6 draconian annihilators
  5 reapers
  6 treants
  2 draconian callers (Zot:2)
  9 deep elf demonologists
  5 draconian shifters
  7 grey draconians
  7 spriggan defenders
  A lorocyproca (D:21)
  3 apis (Forest:3)
  8 yellow draconians
  5 black draconians
  5 elemental wellsprings
  12 deep elf annihilators
  4 blizzard demons
  4 satyrs
  9 green draconians
  Azrael (D:15)
  9 mottled draconians
  8 purple draconians
  4 red draconians
  12 dire elephants
  6 pale draconians
  4 merfolk javelineers (Shoals:5)
  4 white draconians
  12 ettins
  8 deep elf death magi (Elf:3)
  5 merfolk impalers
  16 spriggan air magi
  A minotaur (Forest:2)
  2 sirens
  5 death oozes (Slime:6)
  25 mummy priests
  31 vault guards
  38 yaktaur captains
  16 fire dragons
  7 great orbs of eyes
  5 deep elf high priests
  6 ironheart preservers
  5 death cobs
  The ghost of nubinia the Geomancer, a powerful GrEE of Sif Muna (D:13)
  Fannar (D:16)
  3 jiangshi
  A ravenous feature mimic (D:21)
  6 ice dragons
  Harold (D:15)
  Josephine (Orc:3)
  11 hydras
  4 merfolk aquamancers
  An alligator snapping turtle (Shoals:5)
  Erica (Lair:1)
  6 deep troll earth magi
  18 spriggan berserkers
  10 spriggan assassins
  5 spriggan druids
  3 spriggan enchanters
  14 death yaks
  6 anacondas
  3 thrashing horrors (Abyss:1)
  21 dancing weapons
  2 vampire magi (D:21)
  15 ogre magi
  2 rakshasas
  16 dryads
  5 wretched stars (Abyss:1)
  5 naga warriors
  4 orc high priests
  2 spectral elves (Elf:3)
  Urug (D:12)
  8 deep troll shamans
  8 very ugly things
  6 fire crabs
  34 centaur warriors
  An iron golem (Hell)
  4 hell hogs (Hell)
  3 unseen horrors
  A storm dragon zombie (D:22)
  A fire crab (shapeshifter) (D:26)
  2 shadow wraiths
  11 iron trolls
  5 deep elf knights
  7 soul eaters
  2 catoblepae
  A spatial maelstrom (Abyss:1)
  8 sun demons
  11 water nymphs
  8 large abominations
  6 hell knights
  5 skeletal warriors (D:21)
  A faun (shapeshifter) (D:26)
  2 shadow demons (D:9)
  2 flayed ghosts (D:25)
  A giant orange brain (Vaults:3)
  4 storm dragon skeletons
  30 fauns
  5 ice devils
  3 swamp dragons (Zot:2)
  The ghost of Malachi the Covered, an experienced FoHu of Makhleb (D:7)
  A death drake (shapeshifter) (D:23)
  3 ice statues
  The ghost of DaftWullie the Slicer, an experienced KoBe of Trog (Lair:1)
  An anaconda (shapeshifter) (D:23)
  13 giant amoebae
  10 sea snakes
  A death drake (Zot:2)
  A tengu zombie (Vaults:5)
  Pikel (D:4)
  31 deep trolls
  Joseph (Orc:3)
  7 oklob plants
  A shadow dragon zombie (Zot:2)
  18 hill giants
  3 wizards (D:21)
  A lindwurm (Lair:8)
  33 orc knights
  2 hellions
  14 ironbrand convokers
  7 necromancers
  A wolf spider zombie (Hell)
  10 deep elf conjurers
  6 phantasmal warriors
  7 griffons
  2 flaming corpses (Abyss:1)
  7 stone giant zombies
  4 fire giant zombies
  A deathcap (Zot:4)
  2 shadow dragon skeletons
  11 orc sorcerers
  40 harpies
  A sphinx skeleton (D:23)
  18 humans (D:17)
  27 wolf spiders
  4 draconian zombies
  3 shining eyes
  21 cyclopes
  A red wasp (shapeshifter) (Vaults:3)
  A frost giant zombie (D:23)
  17 moths of wrath
  3 elephants (Lair:8)
  3 fire giant skeletons
  2 apocalypse crabs (Abyss:1)
  12 red wasps
  A black mamba (Lair:6)
  4 frost giant skeletons
  2 elephants (shapeshifter)
  Maurice (Orc:3)
  18 stone giant skeletons
  3 spiny worms
  11 deep elf summoners
  8 sixfirhies
  A tormentor (Abyss:1)
  An efreet (Abyss:2)
  6 orange demons
  6 eyes of devastation
  An item mimic (D:14)
  6 spiny frogs
  An eye of devastation (shapeshifter) (Vaults:4)
  13 vault sentinels
  Psyche (Orc:4)
  A mottled draconian zombie (Zot:3)
  A queen ant (Lair:5)
  24 small abominations
  3 spirit wolves (Forest:3)
  A purple draconian zombie (Zot:2)
  A spiny frog (shapeshifter) (Vaults:1)
  56 yaktaurs
  3 feature mimics
  3 yaktaur zombies
  9 smoke demons
  A red draconian zombie (Abyss:2)
  12 mermaids
  An iron troll zombie (D:23)
  16 demonic crawlers
  9 hellwings
  A removed MONS_MOTH_OF_SUPPRESSION (Spider:5)
  A spectral deep troll (Tomb:2)
  2 formicid drones
  2 brown oozes (shapeshifter) (Vaults:2)
  3 fire drakes
  A mottled draconian skeleton (Abyss:1)
  3 ancient zymes (Abyss:1)
  A formicid venom mage (Spider:4)
  10 iron devils
  106 guardian mummies
  9 wind drakes
  24 jumping spiders
  A harpy zombie (Shoals:4)
  8 orb spiders
  12 red devils
  A storm dragon simulacrum (D:22)
  75 spriggans
  52 giant fireflies
  2 iron troll skeletons (Vaults:2)
  A fire vortex (Slime:1)
  16 deep elf priests
  20 blue devils
  12 thorn lotuses
  2 giant fireflies (shapeshifter)
  A very ugly thing zombie (Hell)
  2 wind drakes (shapeshifter)
  33 two-headed ogres
  A polar bear (Forest:2)
  13 blink frogs
  17 snapping turtles
  19 trolls
  2 ice dragon zombies
  An elf zombie (D:16)
  2 draconians (D:21)
  93 slime creatures
  2 death drake skeletons
  The ghost of Malachi the Chucker, an average FoHu (D:4)
  12 komodo dragons
  3 wandering mushrooms
  11 boulder beetles
  A griffon zombie (Shoals:4)
  14 shadows
  23 brown oozes
  3 stone giant simulacra
  2 ettin zombies
  3 red wasp zombies
  A snapping turtle (shapeshifter) (Vaults:5)
  13 air elementals
  6 basilisks
  7 grizzly bears
  80 redbacks
  37 flying skulls
  25 trapdoor spiders
  A queen bee (D:9)
  9 ynoxinuls
  2 metal gargoyles (Hell)
  26 starcursed masses
  2 guardian serpent skeletons
  2 basilisks (shapeshifter)
  91 ugly things
  4 ettin skeletons
  2 fire dragon skeletons (D:14)
  3 fire elementals (D:15)
  33 tarantellas
  5 octopodes
  9 vampires
  6 sharks
  26 deep elf magi
  3 hungry ghosts
  A clay golem (Vaults:1)
  Eustachio (D:5)
  2 hogs (Elf:3)
  7 neqoxecs
  35 water elementals
  A wyvern (D:16)
  A hell beast (Hell)
  2 spiny worm zombies
  45 deep elf fighters
  5 wraiths
  71 yaks
  4 merfolk (shapeshifter)
  An iron troll simulacrum (Vaults:2)
  2 hill giant zombies (Hell)
  5 chaos spawn (Abyss:1)
  2 hill giant skeletons (D:14)
  28 vampire mosquitoes
  38 merfolk
  A rock worm (shapeshifter) (D:23)
  A swamp worm (Spider:1)
  3 rock worms
  24 wolves
  12 manticores
  13 golden eyes
  2 deep troll zombies
  A manticore (shapeshifter) (Vaults:5)
  2 necrophages
  3 slaves (D:4)
  8 freezing wraiths
  A glowing shapeshifter (D:23)
  15 soldier ants
  An agate snail zombie (D:17)
  2 deep trolls (shapeshifter)
  9 mottled dragons
  80 orc warriors
  5 deep troll skeletons
  15 hell hounds
  A kobold demonologist (D:14)
  9 porcupines
  3 sky beasts
  5 deep dwarves (D:21)
  9 ice beasts
  5 boring beetles
  An ettin simulacrum (Tomb:3)
  43 centaurs
  2 dwarves (Orc:1)
  A black bear (shapeshifter) (D:26)
  8 yellow wasps
  21 giant goldfish
  6 black bears
  16 hippogriffs
  2 phantoms
  16 big kobolds
  8 lava worms
  6 brain worms
  A crocodile (shapeshifter) (Elf:3)
  Sigmund (D:6)
  4 rotting devils
  2 ugly thing zombies (Hell)
  A warg (shapeshifter) (Vaults:5)
  14 giant slugs
  A formicid (Spider:4)
  16 wargs
  15 water moccasins
  2 giant slug zombies
  A gnoll sergeant (D:13)
  A brain worm (shapeshifter) (D:20)
  28 giant frogs
  7 agate snails
  A manticore zombie (Abyss:1)
  A boulder beetle zombie (D:23)
  64 ogres
  3 yak zombies
  2 hippogriff zombies (Shoals:4)
  A wyvern skeleton (D:9)
  A cyclops skeleton (D:14)
  2 lava fish (D:25)
  A rock worm zombie (D:17)
  6 eyes of draining
  3 troll zombies
  9 crocodiles
  16 jellyfish
  10 wights
  A fire bat (Abyss:1)
  A goliath beetle (shapeshifter) (D:17)
  A troll skeleton (Orc:4)
  21 crimson imps
  A hippogriff skeleton (D:12)
  41 killer bees
  8 electric eels
  A pulsating lump (Lair:7)
  2 yak skeletons (Abyss:1)
  5 goliath beetles
  2 giant frog zombies
  12 big fish
  4 iron imps
  18 jellies
  44 orc priests
  11 hounds
  4 quasits
  14 scorpions
  2 spectral wargs (D:21)
  9 lava snakes
  5 iguanas
  23 spiders
  48 worker ants
  10 orange rats
  54 orc wizards
  A basilisk skeleton (D:16)
  8 ogre zombies
  33 sheep
  A big kobold zombie (D:10)
  A big kobold skeleton (D:12)
  6 boggarts
  A mottled dragon skeleton (D:12)
  2 human skeletons
  A hound skeleton (D:11)
  37 mummies
  4 orange rat zombies (Hell)
  A worker ant zombie (D:6)
  51 green rats
  A gnoll (shapeshifter) (Vaults:5)
  3 orange rat skeletons (Hell)
  7 giant centipedes
  8 gnolls
  A green rat (shapeshifter) (Vaults:4)
  6 lemures
  4 giant mites
  23 adders
  An inept feature mimic (D:5)
  27 white imps
  An orange rat simulacrum (Hell)
  2 shadow imps (D:21)
  19 worms
  11 ufetubi
  An adder zombie (D:8)
  8 giant eyeballs
  8 giant geckos
  12 oozes
  266 orcs
  3 ball pythons
  36 bats
  2 bat zombies
  11 giant cockroaches
  23 goblins
  2 grey rats (D:5)
  23 hobgoblins
  10 human zombies
  21 jackals
  42 kobolds
  16 quokkas
  A training dummy (D:21)
  6 giant newts
  A giant spore (D:9)
  A goblin skeleton (D:10)
  4 goblin zombies (D:10)
  3 hobgoblin skeletons
  4 hobgoblin zombies (D:10)
  2 illusory rakshasas (D:14)
  A kobold skeleton (D:6)
  6 orc skeletons
  19 orc zombies
  31 rats
  7 ballistomycetes
  2 briar patches (Forest:5)
  2 butterflies
  5 crawling corpses (Elf:3)
  A fungus (Lair:7)
  A macabre mass (Elf:3)
  10 plants
  34 snaplasher vines
  7 starspawn tentacles (Abyss:1)
  4 tentacles (Shoals:1)
4719 creatures vanquished.

Vanquished Creatures (collateral kills)
  An orb of fire (Zot:5)
  A pandemonium lord (Zot:3)
  8 greater mummies
  2 golden dragons (Zot:2)
  3 Orb Guardians (Zot:5)
  A titan (Vaults:2)
  3 sphinxes (Tomb:1)
  A draconian zealot (Zot:4)
  A draconian annihilator (Zot:2)
  A green draconian (Zot:3)
  A mottled draconian (Zot:1)
  2 white draconians
  A purple draconian (Zot:3)
  A mummy priest (Tomb:3)
  2 fire dragons (Zot:2)
  A soul eater (Tomb:1)
  A centaur warrior (Abyss:2)
  A death drake (Zot:2)
  A moth of wrath (Zot:4)
  A deathcap (Zot:4)
  A fire drake (Zot:2)
  A komodo dragon (Zot:2)
  8 guardian mummies
  2 vampires
  A flying skull (Tomb:3)
  A neqoxec (Zot:2)
  2 shadows
  A deep troll zombie (Tomb:1)
  A small abomination (Abyss:2)
  A wight (Tomb:3)
  A mummy (Tomb:3)
54 creatures vanquished.

Vanquished Creatures (others)
  An ancient lich (Zot:5)
  A bone dragon (Zot:4)
  5 Executioners
  A storm dragon (Zot:2)
  A tengu reaver (Vaults:5)
  An iron dragon (Vaults:5)
  10 balrugs
  7 cacodemons
  2 draconian annihilators (Zot:4)
  13 reapers
  A pale draconian (Zot:4)
  A deep elf high priest (Elf:3)
  A fire dragon (Zot:4)
  2 elves (D:21)
  A wolf spider (Spider:5)
  A stone giant zombie (Tomb:2)
  A fire giant skeleton (Tomb:1)
  A vault sentinel (Vaults:5)
  2 guardian mummies (Tomb:1)
  9 orb spiders
  5 humans
  2 fire vortices (Slime:1)
  An ettin zombie (Tomb:2)
  A deep elf mage (Elf:2)
  A shadow (Tomb:1)
  A trapdoor spider (Spider:5)
  3 deep elf fighters
  A gnome (D:21)
  2 giant goldfish (Zot:4)
  2 orc warriors
  A human zombie (Vaults:5)
  2 lost souls (Hell)
  A yaktaur zombie (D:26)
  2 electric eels (Zot:4)
  A lava snake (Hell)
  2 big fish (Zot:4)
  An orc wizard (Abyss:1)
  A scorpion (Spider:1)
  2 sheep (D:16)
  3 mummies
  A brain worm simulacrum (Tomb:2)
  A white imp (IceCv)
  2 ufetubi
  A kobold (D:3)
  2 quokkas (D:4)
  3 giant spores
  4 orcs
  7 fungi
  8 plants
  537 snaplasher vine segments
  3 starspawn tentacles (Abyss:1)
  9 starspawn tentacle segments (Abyss:1)
  5 tentacles (Shoals:1)
  106 tentacle segments (Shoals:1)
786 creatures vanquished.

Grand Total: 5559 creatures vanquished

Notes
Turn   | Place    | Note
--------------------------------------------------------------
     0 | D:1      | Malachi, the Demonspawn Fighter, began the quest for the Orb.
     0 | D:1      | Reached XP level 1. HP: 18/18 MP: 0/0
    78 | D:1      | Gained mutation: You are partially covered in yellow scales (AC +2). [demonic ancestry]
    78 | D:1      | Reached XP level 2. HP: 24/24 MP: 1/1
   434 | D:1      | Gained mutation: You have a pair of small antennae on your head. [demonic ancestry]
   434 | D:1      | Reached XP level 3. HP: 26/30 MP: 2/2
   814 | D:2      | Reached skill level 1 in Dodging
  1472 | D:3      | Found a white marble altar of Elyvilon.
  1481 | D:3      | Gained mutation: When hurt, damage is shared between your health and your magic reserves. [demonic ancestry]
  1481 | D:3      | Reached XP level 4. HP: 28/36 MP: 3/3
  2355 | D:3      | Reached XP level 5. HP: 38/42 MP: 4/4
  3310 | D:4      | Noticed a phantom
  3362 | D:4      | Killed a phantom
  3362 | D:4      | Gained mutation: You regenerate magic rapidly. [demonic ancestry]
  3362 | D:4      | Reached XP level 6. HP: 32/48 MP: 3/5
  3466 | D:4      | Found a staircase to the Ecumenical Temple.
  3500 | D:4      | Noticed a slave
  3502 | Temple   | Entered the Ecumenical Temple
  3567 | Temple   | Became a worshipper of Warmaster Okawaru
  3585 | D:4      | Noticed a slave
  3585 | D:4      | Noticed a slave
  3586 | D:4      | Noticed Pikel
  3614 | D:4      | Killed a slave
  3622 | D:4      | Killed a slave
  3632 | D:4      | Killed a slave
  3639 | D:4      | Noticed a slave
  3724 | D:4      | Killed Pikel
  3724 | D:4      | Acquired Okawaru's first power
  3724 | D:4      | Reached skill level 4 in Fighting
  3724 | D:4      | Gained mutation: A weak demonic guardian rushes to your aid. [demonic ancestry]
  3724 | D:4      | Reached XP level 7. HP: 36/54 MP: 6/6
  3897 | D:4      | Noticed Malachi's ghost (average FoHu)
  3914 | D:4      | Killed Malachi's ghost
  3914 | D:4      | Reached skill level 5 in Shields
  4399 | D:4      | Gained mutation: You have a pair of antennae on your head. [demonic ancestry]
  4399 | D:4      | Reached XP level 8. HP: 39/61 MP: 5/7
  4704 | D:5      | Entered Level 5 of the Dungeon
  4705 | D:5      | Found a burning altar of Makhleb.
  4906 | D:5      | Noticed Eustachio
  5347 | D:5      | Killed Eustachio
  5549 | D:5      | Found a staircase to the Ecumenical Temple.
  5553 | D:5      | the staircase to the Ecumenical Temple was a mimic.
  5598 | D:5      | Found an ancient bone altar of Kikubaaqudgha.
  5693 | D:6      | Found Jerah's Book Shop.
  5792 | D:6      | Reached skill level 5 in Armour
  5849 | D:6      | Reached skill level 5 in Maces & Flails
  5858 | D:6      | Reached skill level 1 in Invocations
  5932 | D:6      | Reached skill level 6 in Shields
  6341 | D:6      | Noticed Sigmund
  6372 | D:6      | Killed Sigmund
  6503 | D:6      | Found a sparkling altar of Nemelex Xobeh.
  6504 | D:6      | Found a bloodstained altar of Trog.
  6572 | D:6      | Reached XP level 9. HP: 54/67 MP: 12/12
  6669 | D:7      | Noticed Malachi's ghost (experienced FoHu)
  6696 | D:7      | Killed Malachi's ghost
  6696 | D:7      | Reached skill level 5 in Fighting
  6820 | D:7      | Found Khid's Magical Wand Emporium.
  6827 | D:7      | Bought a wand of teleportation (2) for 198 gold pieces
  6994 | D:7      | Reached skill level 5 in Dodging
  7368 | D:7      | Reached skill level 7 in Maces & Flails
  7408 | D:7      | Reached XP level 10. HP: 29/74 MP: 13/17
  7670 | D:7      | Reached skill level 5 in Invocations
  7813 | D:7      | Gained mutation: You are agile. (Dex +2) [potion of mutation]
  7813 | D:7      | Gained mutation: Your vision is a little blurry. [potion of mutation]
  7813 | D:7      | Gained mutation: Your vision is quite blurry. [potion of mutation]
  8552 | D:7      | Got a glittering sapphire amulet
  8554 | D:7      | Identified the amulet "Bamuotty" {Gourm +Blink MR+} (You found it on level 7 of the Dungeon)
 10781 | D:9      | Acquired Okawaru's second power
 11076 | D:9      | Reached skill level 8 in Maces & Flails
 12359 | D:9      | Found a staircase to the Lair.
 12685 | D:10     | Entered Level 10 of the Dungeon
 12767 | D:10     | Found a staircase to the Orcish Mines.
 13079 | D:10     | Gained mutation: You are mostly covered in yellow scales (AC +3). [demonic ancestry]
 13079 | D:10     | Reached XP level 11. HP: 63/81 MP: 17/21
 13735 | D:11     | Reached skill level 9 in Maces & Flails
 14248 | D:11     | Noticed a hill giant
 14262 | D:11     | Killed a hill giant
 15014 | D:12     | Noticed Urug
 15040 | D:12     | Killed Urug
 15066 | D:12     | Found a frozen archway.
 15279 | IceCv    | Entered an ice cave
 15397 | IceCv    | Noticed an ice statue
 15397 | IceCv    | Noticed an ice statue
 15423 | IceCv    | Killed an ice statue
 16284 | IceCv    | Killed an ice statue
 16284 | IceCv    | Reached skill level 10 in Maces & Flails
 16851 | IceCv    | Noticed an ice devil
 17509 | IceCv    | Killed an ice devil
 18051 | D:12     | Lost mutation: You are agile. (Dex +2) [potion of cure mutation]
 18051 | D:12     | Lost mutation: Your vision is quite blurry. [potion of cure mutation]
 18051 | D:12     | Lost mutation: Your vision is a little blurry. [potion of cure mutation]
 18106 | D:12     | Noticed a stone giant
 18106 | D:12     | Noticed a deep troll
 18107 | D:12     | Noticed a deep troll shaman
 18107 | D:12     | Noticed a four-headed hydra
 18121 | D:12     | Killed a four-headed hydra
 18121 | D:12     | Gained mutation: When low on magic, you restore magic in place of health. [demonic ancestry]
 18121 | D:12     | Reached XP level 12. HP: 67/88 MP: 19/24
 18373 | D:12     | Paralysed by a giant eyeball for 3 turns
 18653 | D:12     | Found an ancient bone altar of Kikubaaqudgha.
 19492 | D:13     | Reached skill level 11 in Maces & Flails
 19521 | D:13     | Reached skill level 10 in Invocations
 19855 | D:13     | Noticed a five-headed hydra
 19862 | D:13     | Killed a five-headed hydra
 19919 | D:13     | Gained mutation: You have very sharp teeth. [potion of beneficial mutation]
 20053 | D:13     | Noticed an eight-headed hydra
 20696 | Lair:1   | Entered Level 1 of the Lair of Beasts
 20707 | Lair:1   | Received a gift from Okawaru
 20719 | Lair:1   | Noticed DaftWullie's ghost (experienced KoBe)
 20741 | Lair:1   | Killed DaftWullie's ghost
 20814 | Lair:1   | Noticed Erica
 20824 | Lair:1   | Killed Erica
 22028 | Lair:2   | Received a gift from Okawaru
 22031 | Lair:2   | Got a polished great mace {god gift}
 22038 | Lair:2   | Identified the +12,+6 great mace of the Unseen Realm {flame, +Fly Stlth+} (Okawaru gifted it to you on level 2 of the Lair of Beasts)
 22038 | Lair:2   | Identified the +12,+6 great mace of the Unseen Realm {flame, +Fly Stlth+} (Okawaru gifted it to you on level 2 of the Lair of Beasts)
 22478 | Lair:3   | Gained mutation: A demonic guardian rushes to your aid. [demonic ancestry]
 22478 | Lair:3   | Reached XP level 13. HP: 80/96 MP: 23/26
 22481 | Lair:3   | Reached skill level 1 in Evocations
 22534 | Lair:3   | Reached skill level 12 in Maces & Flails
 23172 | Lair:3   | Noticed an eight-headed hydra
 23180 | Lair:3   | Killed an eight-headed hydra
 24835 | Lair:4   | Received a gift from Okawaru
 25389 | Lair:5   | Reached skill level 10 in Shields
 25677 | Lair:5   | Found a hole to the Spider Nest.
 26660 | Lair:6   | Reached skill level 13 in Maces & Flails
 26739 | Lair:6   | Found a staircase to the Shoals.
 26990 | Lair:6   | Reached skill level 5 in Evocations
 27406 | Lair:6   | Received a gift from Okawaru
 27406 | Lair:6   | Gained mutation: You have a pair of large antennae on your head (SInv). [demonic ancestry]
 27406 | Lair:6   | Reached XP level 14. HP: 105/105 MP: 27/27
 27815 | Lair:7   | Found a staircase to the Slime Pits.
 28544 | Lair:8   | Entered Level 8 of the Lair of Beasts
 29134 | Lair:8   | Found an iron altar of Okawaru.
 29924 | Orc:1    | Entered Level 1 of the Orcish Mines
 30037 | Orc:1    | Found a roughly hewn altar of Beogh.
 30183 | Orc:1    | Found an iron altar of Okawaru.
 30904 | Orc:2    | Received a gift from Okawaru
 31720 | Orc:3    | Noticed Josephine
 31721 | Orc:3    | Found an iron altar of Okawaru.
 31723 | Orc:3    | Noticed Donald
 31724 | Orc:3    | Noticed Maurice
 31746 | Orc:3    | Killed Donald
 31746 | Orc:3    | Reached skill level 14 in Maces & Flails
 31764 | Orc:3    | Killed Maurice
 32002 | Orc:3    | Found Ale Teusm's Weapon Emporium.
 32100 | Orc:3    | Killed Josephine
 32135 | Orc:3    | Noticed Joseph
 32163 | Orc:3    | Killed Joseph
 32242 | Orc:4    | Entered Level 4 of the Orcish Mines
 32330 | Orc:4    | Found a staircase to the Elven Halls.
 32342 | Orc:4    | the shop was a mimic.
 32471 | Orc:4    | Noticed Psyche
 32480 | Orc:4    | Killed Psyche
 32510 | Orc:4    | Noticed an orc warlord
 32793 | Orc:3    | Killed an orc warlord
 33001 | Orc:4    | Found a roughly hewn altar of Beogh.
 33046 | Orc:4    | Found a roughly hewn altar of Beogh.
 33062 | Orc:4    | Found Vaulaufe's Antique Weapon Emporium.
 33546 | Orc:4    | Found a roughly hewn altar of Beogh.
 33785 | Orc:4    | Noticed an orc warlord
 33836 | Orc:4    | Gained mutation: Your mind is acute. (Int +2) [a neqoxec]
 34002 | Orc:4    | Killed an orc warlord
 34002 | Orc:4    | Received a gift from Okawaru
 34002 | Orc:4    | Gained mutation: You are completely covered in yellow scales (AC +4, rCorr). [demonic ancestry]
 34002 | Orc:4    | Reached XP level 15. HP: 92/113 MP: 21/28
 34121 | Orc:4    | Found a roughly hewn altar of Beogh.
 34121 | Orc:4    | Found Zoatzoeck's Antique Weapon Emporium.
 34333 | Orc:4    | Found a roughly hewn altar of Beogh.
 34369 | Orc:4    | Found a roughly hewn altar of Beogh.
 34369 | Orc:4    | Found Tatexov's Antique Armour Shop.
 35313 | Orc:2    | Noticed an orc warlord
 35784 | Orc:1    | Killed an orc warlord
 36297 | Spider:1 | Entered Level 1 of the Spider Nest
 36863 | Spider:1 | Reached skill level 10 in Fighting
 36908 | Spider:1 | Noticed Rupert
 36925 | Spider:1 | Killed Rupert
 37395 | Spider:2 | Received a gift from Okawaru
 37402 | Spider:2 | Got a crystal morningstar {god gift}
 37405 | Spider:2 | Identified the +11,+8 morningstar "Plyhisum" {pain, Dex+2 SInv} (Okawaru gifted it to you on level 2 of the Spider Nest)
 37405 | Spider:2 | Identified the +11,+8 morningstar "Plyhisum" {pain, Dex+2 SInv} (Okawaru gifted it to you on level 2 of the Spider Nest)
 38626 | Spider:4 | Reached skill level 15 in Maces & Flails
 39675 | Spider:5 | Entered Level 5 of the Spider Nest
 39766 | Spider:5 | Reached skill level 10 in Armour
 40219 | Spider:5 | Reached XP level 16. HP: 85/121 MP: 25/30
 42089 | Spider:5 | Received a gift from Okawaru
 42114 | Spider:5 | Got a gossamer rune of Zot
 42909 | D:12     | Killed a stone giant
 42911 | D:12     | Killed a deep troll shaman
 42915 | D:12     | Killed a deep troll
 43311 | D:13     | Killed an eight-headed hydra
 43562 | D:13     | Noticed nubinia's ghost (powerful GrEE)
 43586 | D:13     | Killed nubinia's ghost
 45064 | D:15     | Entered Level 15 of the Dungeon
 45066 | D:15     | Found Chuxas' Hardware Store.
 45106 | D:15     | Found Kaam's Antique Armour Shop.
 45106 | D:15     | Found Ystrip's General Store.
 45128 | D:15     | Bought a glowing elven cloak for 44 gold pieces
 45192 | D:15     | Found Tixt's Jewellery Shop.
 45263 | D:15     | Received a gift from Okawaru
 45268 | D:15     | Got a twisted quarterstaff {god gift}
 45320 | D:15     | Reached skill level 16 in Maces & Flails
 45372 | D:15     | Found Criqeogi's Gadget Boutique.
 45462 | D:15     | Noticed Harold
 45464 | D:15     | Found Jutuyn's Armour Shop.
 45474 | D:15     | Killed Harold
 45488 | D:15     | Bought the +0 pair of boots "Muydghua" {rF+ rC++ Dex+2} for 950 gold pieces
 45664 | D:15     | Noticed Azrael
 45709 | D:15     | Killed Azrael
 45709 | D:15     | Reached XP level 17. HP: 75/129 MP: 23/31
 46519 | D:16     | Noticed Agnes
 46528 | D:16     | Killed Agnes
 46612 | D:16     | Noticed Fannar
 46625 | D:16     | Killed Fannar
 46909 | D:16     | Found a basalt altar of Yredelemnul.
 46994 | D:17     | Found a staircase to the Vaults.
 46994 | D:17     | Noticed Norris
 47120 | D:17     | Paralysed by Norris for 4 turns
 47153 | D:17     | Killed Norris
 47153 | D:17     | Received a gift from Okawaru
 47165 | D:17     | Got a twisted flail {god gift}
 47171 | D:17     | Identified the +4,-3 flail of Okawaru's Hatred {crush, +Inv rF+ Dex-5 Int+2 Stlth--} (Okawaru gifted it to you on level 17 of the Dungeon)
 47171 | D:17     | Identified the +4,-3 flail of Okawaru's Hatred {crush, +Inv rF+ Dex-5 Int+2 Stlth--} (Okawaru gifted it to you on level 17 of the Dungeon)
 47780 | D:17     | Noticed Aizul
 47797 | D:17     | Killed Aizul
 48949 | D:18     | Reached skill level 15 in Shields
 49007 | D:19     | Found a bloodstained altar of Trog.
 49015 | D:19     | Noticed ghwc's ghost (mighty HaEn)
 49074 | D:19     | Killed ghwc's ghost
 49201 | D:19     | Found a white marble altar of Elyvilon.
 49723 | D:20     | Entered Level 20 of the Dungeon
 49854 | D:20     | Received a gift from Okawaru
 50040 | D:20     | Reached skill level 17 in Maces & Flails
 50743 | D:20     | Reached XP level 18. HP: 139/139 MP: 32/32
 51173 | D:21     | Received a gift from Okawaru
 51978 | D:21     | Found Upriank's Slaves and Accessories.
 52071 | D:21     | Found The Legendary Shaefeq's Legendary Smithy.
 52111 | D:21     | Found Stan's Special Sausages.
 52309 | D:21     | Found Ullomuel's Miraculous Elixirs.
 52376 | D:21     | Found a roughly hewn altar of Beogh.
 52460 | D:21     | Found a roughly hewn altar of Beogh.
 52460 | D:21     | Found a gateway to Hell.
 53578 | D:21     | Found a one-way gate leading to the halls of Pandemonium.
 54254 | D:22     | Identified a scroll of acquirement
 54257 | D:22     | Got a warped crystal plate armour
 54288 | D:22     | Identified the +0 crystal plate armour of Bracro {Dex+3 Int+4} (You acquired it on level 22 of the Dungeon)
 54760 | D:23     | Reached skill level 18 in Maces & Flails
 55126 | D:23     | Noticed a bone dragon
 55176 | D:23     | Killed a bone dragon
 55176 | D:23     | Reached XP level 19. HP: 111/148 MP: 28/33
 55385 | D:23     | Received a gift from Okawaru
 56692 | D:23     | Found a one-way gate to the infinite horrors of the Abyss.
 58115 | D:23     | Identified Lee's Tome of Combat Magic and Stones
 59332 | D:24     | Noticed Jorgrun
 59362 | D:24     | Killed Jorgrun
 59695 | D:24     | Received a gift from Okawaru
 59876 | D:25     | Entered Level 25 of the Dungeon
 59946 | D:25     | Noticed Wiglaf
 59948 | D:25     | Reached skill level 19 in Maces & Flails
 59978 | D:25     | Killed Wiglaf
 60332 | D:25     | Found Phaar's Antique Weapon Emporium.
 60395 | D:25     | Noticed Margery
 60420 | D:25     | Killed Margery
 60906 | D:25     | Noticed Xtahua
 60919 | D:25     | Killed Xtahua
 60919 | D:25     | Gained mutation: A powerful demonic guardian rushes to your aid. [demonic ancestry]
 60919 | D:25     | Reached XP level 20. HP: 110/158 MP: 24/34
 61475 | D:26     | Noticed an ancient lich
 61489 | D:26     | Killed an ancient lich
 61489 | D:26     | Received a gift from Okawaru
 61626 | D:26     | Noticed Jory
 61656 | D:26     | Killed Jory
 62040 | D:26     | Gained mutation: Your digestive system is specialised to digest meat. [potion of beneficial mutation]
 63127 | D:27     | Entered Level 27 of the Dungeon
 63160 | D:27     | Reached skill level 15 in Fighting
 63235 | D:27     | Reached skill level 20 in Maces & Flails
 63246 | D:27     | Noticed a golden dragon
 63283 | D:27     | Killed a golden dragon
 64456 | D:27     | Received a gift from Okawaru
 64468 | D:27     | Reached XP level 21. HP: 115/168 MP: 33/34
 65728 | Elf:1    | Entered Level 1 of the Elven Halls
 66581 | Elf:2    | Found Phabeah's Weapon Shoppe.
 67206 | Elf:3    | Entered Level 3 of the Elven Halls
 67290 | Elf:3    | Noticed Kirke
 67292 | Elf:3    | Received a gift from Okawaru
 67308 | Elf:3    | Killed Kirke
 67360 | Elf:3    | Noticed Saint Roka
 67385 | Elf:3    | Killed Saint Roka
 67896 | Elf:3    | Reached skill level 15 in Armour
 68121 | Elf:3    | 4tharraofdagon: wathcout
 68137 | Elf:3    | 4tharraofdagon: do you have digging
 68198 | Elf:3    | Malachi: hmm
 68198 | Elf:3    | Malachi: I should have
 68237 | Elf:3    | 4tharraofdagon: you can build safe shelter
 68247 | Elf:3    | 4tharraofdagon: so you wont have to chase them
 68407 | Elf:3    | Malachi: ah yeah
 68587 | Elf:3    | Reached skill level 21 in Maces & Flails
 68665 | Elf:3    | Received a gift from Okawaru
 69204 | Elf:3    | Gained mutation: Your system is resistant to poisons. [potion of beneficial mutation]
 69221 | Elf:3    | Got a steaming crossbow
 69222 | Elf:3    | Identified the cursed +2,+0 crossbow "Pikkack" {speed, Int+3} (You found it on level 3 of the Elven Halls)
 69222 | Elf:3    | Identified the cursed +2,+0 crossbow "Pikkack" {speed, Int+3} (You found it on level 3 of the Elven Halls)
 69228 | Elf:3    | Identified the Tome of Talismans and Toxins
 69394 | Elf:3    | Received a gift from Okawaru
 69397 | Elf:3    | Got an encrusted plate armour {god gift}
 69443 | Elf:3    | Identified the -2 plate armour of the Lair of Beasts {Str+2 Dex-3} (Okawaru gifted it to you on level 3 of the Elven Halls)
 69754 | Elf:3    | Reached XP level 22. HP: 164/178 MP: 35/35
 69784 | Elf:3    | Cast into the Abyss (deep elf demonologist)
 69843 | Abyss:1  | Gained mutation: You have sharp fingernails. [potion of beneficial mutation]
 69992 | Elf:3    | Escaped the Abyss
 71529 | Shoals:1 | Entered Level 1 of the Shoals
 72413 | Shoals:2 | Received a gift from Okawaru
 72416 | Shoals:2 | Got an ichor-stained flail {god gift}
 72417 | Shoals:2 | Identified the -1,-2 flail of the Unseen Realm {flame, +Rage} (Okawaru gifted it to you on level 2 of the Shoals)
 72417 | Shoals:2 | Identified the -1,-2 flail of the Unseen Realm {flame, +Rage} (Okawaru gifted it to you on level 2 of the Shoals)
 72950 | Shoals:3 | Noticed Roxanne
 72975 | Shoals:3 | Killed Roxanne
 73128 | Shoals:3 | Noticed Polyphemus
 73173 | Shoals:3 | Killed Polyphemus
 74130 | Shoals:5 | Entered Level 5 of the Shoals
 74256 | Shoals:5 | Noticed Ilsuiw
 74853 | Shoals:5 | Received a gift from Okawaru
 74877 | Shoals:5 | Got a slimy bow {god gift}
 75070 | Shoals:5 | Got a barnacled rune of Zot
 75622 | Lair:2   | Identified the +7,+5 bow of Gallantry {venom, *Tele rElec rN+ Dex-1} (Okawaru gifted it to you on level 5 of the Shoals)
 75622 | Lair:2   | Identified the +7,+5 bow of Gallantry {venom, *Tele rElec rN+ Dex-1} (Okawaru gifted it to you on level 5 of the Shoals)
 75936 | Vaults:1 | Entered Level 1 of the Vaults
 76582 | Vaults:1 | Gained mutation: You have a slow metabolism. [potion of beneficial mutation]
 77632 | Vaults:2 | Gained mutation: You are very good at protecting items from fire. [demonic ancestry]
 77632 | Vaults:2 | Reached XP level 23. HP: 102/189 MP: 25/35
 78068 | Vaults:2 | Upgraded the game from 0.14-a0-788-g14b720c to 0.14-a0-805-gc239e29
 78122 | Vaults:2 | Found Gyralu's General Store.
 78513 | Vaults:2 | Found a staircase to the Enchanted Forest.
 79019 | Vaults:3 | Reached skill level 22 in Maces & Flails
 79566 | Vaults:3 | Noticed Mennas
 79603 | Vaults:3 | Killed Mennas
 80817 | Vaults:4 | Received a gift from Okawaru
 80828 | Vaults:4 | Got an iridescent mace {god gift}
 80832 | Vaults:4 | Identified the +1,+6 mace "Fotul" {flame, rF++ rN+} (Okawaru gifted it to you on level 4 of the Vaults)
 80832 | Vaults:4 | Identified the +1,+6 mace "Fotul" {flame, rF++ rN+} (Okawaru gifted it to you on level 4 of the Vaults)
 82106 | Vaults:4 | Found a staircase to the Hall of Blades.
 82173 | Vaults:4 | Received a gift from Okawaru
 82592 | Blade    | Entered the Hall of Blades
 83865 | Vaults:5 | Entered Level 5 of the Vaults
 84342 | Vaults:4 | Reached XP level 24. HP: 201/201 MP: 36/36
 84404 | Vaults:5 | Noticed an ancient lich
 84423 | Vaults:5 | Received a gift from Okawaru
 84451 | Vaults:5 | Killed an ancient lich
 85215 | Vaults:5 | Received a gift from Okawaru
 86121 | Vaults:5 | Got a silver rune of Zot
 86448 | Vaults:5 | Received a gift from Okawaru
 86771 | Vaults:5 | Got an ivory morningstar
 86772 | Vaults:5 | Identified the +6,+6 morningstar of Plague {crush, rN+ Int+3} (You found it on level 5 of the Vaults)
 86772 | Vaults:5 | Identified the +6,+6 morningstar of Plague {crush, rN+ Int+3} (You found it on level 5 of the Vaults)
 86890 | Vaults:5 | Identified the Incunabulum of the Escort
 89196 | Forest:1 | Entered Level 1 of the Enchanted Forest
 89291 | Forest:1 | Received a gift from Okawaru
 89303 | Forest:1 | Got a bloodstained mace {god gift}
 89304 | Forest:1 | Identified the +4,-1 mace of Jocukke {crush, rPois Int+4 SInv} (Okawaru gifted it to you on level 1 of the Enchanted Forest)
 89304 | Forest:1 | Identified the +4,-1 mace of Jocukke {crush, rPois Int+4 SInv} (Okawaru gifted it to you on level 1 of the Enchanted Forest)
 89696 | Forest:1 | Noticed Mara
 89736 | Forest:1 | Noticed Malachi's illusion
 89747 | Forest:1 | Killed Mara
 90407 | Forest:1 | Gained mutation: Your flesh is heat resistant. [demonic ancestry]
 90407 | Forest:1 | Reached XP level 25. HP: 88/214 MP: 37/37
 92292 | Forest:1 | Received a gift from Okawaru
 94355 | Forest:2 | Reached skill level 23 in Maces & Flails
 94935 | Forest:3 | Found an iron altar of Okawaru.
 96053 | Forest:3 | Received a gift from Okawaru
 96112 | Forest:3 | Got an ichor-stained flail {god gift}
 96113 | Forest:3 | Identified the +10,+5 flail "Shrieffi" {antimagic, Noisy rC+ MR++} (Okawaru gifted it to you on level 3 of the Enchanted Forest)
 96113 | Forest:3 | Identified the +10,+5 flail "Shrieffi" {antimagic, Noisy rC+ MR++} (Okawaru gifted it to you on level 3 of the Enchanted Forest)
 96186 | Forest:3 | Paralysed by a sphinx for 6 turns
 96653 | Forest:3 | Found a staircase to the Tomb.
 97391 | Forest:3 | Received a gift from Okawaru
 98840 | Forest:4 | Reached skill level 24 in Maces & Flails
 99562 | Forest:4 | Reached XP level 26. HP: 217/223 MP: 37/37
100212 | Forest:5 | Entered Level 5 of the Enchanted Forest
100302 | Forest:5 | Noticed Boris
100319 | Forest:5 | Killed Boris
100765 | Forest:5 | Noticed the Enchantress
100790 | Forest:5 | Killed the Enchantress
100839 | Forest:5 | Received a gift from Okawaru
101162 | Forest:5 | Got a faerie dragon armour
101187 | Forest:5 | Identified the +7 faerie dragon armour {rPois Dex+3} (You took it off the Enchantress on level 5 of the Enchanted Forest)
101475 | Forest:5 | Found a radiant altar of Vehumet.
101582 | Forest:5 | Got a heavily runed cloak
101586 | Forest:5 | Identified the -3 cloak "Shromal" {Str+3 Dex+4} (You acquired it on level 5 of the Enchanted Forest)
101645 | Forest:5 | Paralysed by a spriggan assassin for 6 turns
102151 | Forest:5 | Reached skill level 25 in Maces & Flails
102839 | Hell     | Entered the Vestibule of Hell
102839 | Hell     | Noticed Geryon
102954 | Hell     | Killed Geryon
103028 | Hell     | Found a gateway to the freezing wastes of Cocytus.
103197 | Hell     | Received a gift from Okawaru
103207 | Hell     | Found a gateway to the decaying netherworld of Tartarus.
103306 | Hell     | Found a gateway to the ashen valley of Gehenna.
103364 | Hell     | Lost mutation: You have a slow metabolism. [the power of Zot]
104079 | Hell     | Found a gateway to the Iron City of Dis.
104914 | Slime:1  | Entered Level 1 of the Pits of Slime
105127 | Slime:1  | Noticed timbw's ghost (mighty HEWz)
105138 | Slime:1  | Killed timbw's ghost
105700 | Slime:1  | Paralysed by a giant eyeball for 4 turns
105707 | Slime:1  | Paralysed by a giant eyeball for 4 turns
105714 | Slime:1  | Paralysed by a giant eyeball for 4 turns
106000 | Slime:4  | Noticed Dissolution
106215 | Slime:4  | Killed Dissolution
106222 | Slime:4  | Paralysed by a great orb of eyes for 6 turns
106726 | Slime:6  | Entered Level 6 of the Pits of Slime
106899 | Slime:6  | Paralysed by a giant eyeball for 3 turns
106952 | Slime:6  | Paralysed by a great orb of eyes for 5 turns
106960 | Slime:6  | Gained mutation: You can hurl blasts of hellfire. [demonic ancestry]
106960 | Slime:6  | Reached XP level 27. HP: 219/231 MP: 36/38
106965 | Slime:6  | Noticed the royal jelly
106983 | Slime:6  | Killed the royal jelly
107001 | Slime:6  | Paralysed by a giant eyeball for 4 turns
107008 | Slime:6  | Paralysed by a giant eyeball for 4 turns
107255 | Slime:6  | Paralysed by a giant eyeball for 3 turns
107327 | Slime:6  | Gained mutation: Your magical capacity is low (-10% MP). [a shining eye]
107337 | Slime:6  | Paralysed by a giant eyeball for 2 turns
107343 | Slime:6  | Paralysed by a giant eyeball for 3 turns
107422 | Slime:6  | Got a pitted plate armour
107449 | Slime:6  | Identified the +10 plate armour "Fel Tod" {rC+} (You found it on level 6 of the Pits of Slime)
107573 | Slime:6  | Got a slimy rune of Zot
107616 | Slime:6  | Identified the Almanac of Orientation
107643 | Slime:6  | Got a warped ruby amulet
107644 | Slime:6  | Identified the amulet of Hyqoqapo {Gourm Str+3 Int+4} (You found it on level 6 of the Pits of Slime)
108232 | D:12     | Fell from the grace of Okawaru
108232 | D:12     | Became a worshipper of Kikubaaqudgha
108790 | Zot:1    | Entered Level 1 of the Realm of Zot
109069 | Zot:1    | Acquired Kikubaaqudgha's first power
109069 | Zot:1    | Received a gift from Kikubaaqudgha
109125 | Zot:1    | Identified Kikubaaqudgha's Catalogue of Evil Secrets (Kikubaaqudgha gifted it to you on level 1 of the Realm of Zot)
111620 | Zot:2    | Acquired Kikubaaqudgha's second power
111865 | Zot:2    | Noticed Tiamat
112449 | Zot:2    | Killed Tiamat
112451 | Zot:2    | Got a smoking iron ring
112981 | Zot:2    | Identified the ring "Churr" {AC+4 Str-1 Int+3} (You took it off Tiamat on level 2 of the Realm of Zot)
114448 | Zot:2    | Received a gift from Kikubaaqudgha
114457 | Zot:2    | Identified Kikubaaqudgha's Collected Works on Evil Rituals (Kikubaaqudgha gifted it to you on level 2 of the Realm of Zot)
114889 | Zot:2    | Gained mutation: You tend to lose your temper in combat. [a neqoxec]
114897 | Zot:2    | Reached skill level 26 in Maces & Flails
116412 | Zot:3    | Acquired Kikubaaqudgha's third power
117958 | Zot:4    | Noticed an orb of fire
117976 | Zot:4    | Killed an orb of fire
119242 | Zot:5    | Entered Level 5 of the Realm of Zot
120168 | Zot:4    | Noticed an orb of fire
120420 | Zot:5    | Reached skill level 27 in Maces & Flails
121082 | Zot:5    | Noticed an orb of fire
121091 | Zot:5    | Noticed an orb of fire
121091 | Zot:5    | Gained mutation: You are frail (-10% HP). [an orb of fire]
121094 | Zot:5    | Gained mutation: You have a fast metabolism. [an orb of fire]
121099 | Zot:5    | Killed an orb of fire
121127 | Zot:5    | Gained mutation: You are weak. (Str -2) [an orb of fire]
121137 | Zot:5    | Killed an orb of fire
121140 | Zot:5    | Noticed an ancient lich
121161 | Zot:5    | Killed an ancient lich
121941 | Zot:5    | Noticed an ancient lich
121946 | Zot:5    | Killed an ancient lich
121952 | Zot:5    | Noticed an orb of fire
121958 | Zot:5    | Gained mutation: You often lose your temper in combat. [an orb of fire]
121973 | Zot:5    | Killed an orb of fire
122076 | Zot:5    | Noticed an orb of fire
122088 | Zot:5    | Gained mutation: You are very frail (-20% HP). [an orb of fire]
122095 | Zot:5    | Killed an orb of fire
123292 | Lair:2   | Lost mutation: You are very frail (-20% HP). [potion of cure mutation]
123292 | Lair:2   | Lost mutation: You have a fast metabolism. [potion of cure mutation]
123292 | Lair:2   | Lost mutation: Your mind is acute. (Int +2) [potion of cure mutation]
123292 | Lair:2   | Lost mutation: You have sharp fingernails. [potion of cure mutation]
123292 | Lair:2   | Lost mutation: You are weak. (Str -2) [potion of cure mutation]
123991 | Tomb:1   | Entered Level 1 of the Tomb of the Ancients
124162 | Tomb:1   | Paralysed by a sphinx for 4 turns
124178 | Tomb:1   | Paralysed by a sphinx for 3 turns
124182 | Tomb:1   | HP: 9/207 [sphinx (4)]
124216 | Tomb:1   | HP: 9/207 [jiangshi[a mummy priest] (2)]
124217 | Tomb:1   | HP: 3/207 [jiangshi[a mummy priest] (6)]
125090 | Tomb:1   | Noticed Frederick
129829 | Tomb:3   | Entered Level 3 of the Tomb of the Ancients
130422 | Tomb:2   | Reached skill level 27 in Armour
132307 | Tomb:3   | Gained mutation: You have large cloven feet. [a neqoxec]
132307 | Tomb:3   | Gained mutation: You are dopey. (Int -2) [a neqoxec]
133388 | Tomb:3   | Got a golden rune of Zot
133701 | Tomb:3   | Got an iridescent bardiche
133708 | Tomb:3   | Identified the +5,+6 bardiche "Neanof" {chop, Int+3 SInv} (You found it on level 3 of the Tomb of the Ancients)
133708 | Tomb:3   | Identified the +5,+6 bardiche "Neanof" {chop, Int+3 SInv} (You found it on level 3 of the Tomb of the Ancients)
133720 | Tomb:3   | Got a transparent lead amulet
133721 | Tomb:3   | Identified the amulet of the Four Blessings {Cons Str+2 Dex-1} (You found it on level 3 of the Tomb of the Ancients)
134392 | Tomb:1   | Killed Frederick
134919 | D:23     | Voluntarily entered the Abyss.
136147 | Abyss:1  | Gained mutation: Your magical capacity is very low (-20% MP). [a cacodemon]
136704 | Abyss:2  | Found a snail-covered altar of Cheibriados.
136717 | Abyss:2  | Found a blossoming altar of Fedhas.
136929 | Abyss:2  | Gained mutation: You are very frail (-20% HP). [a neqoxec]
136931 | Abyss:2  | Gained mutation: Armour fits poorly on your strangely shaped body. [a neqoxec]
136943 | Abyss:2  | Upgraded the game from 0.14-a0-805-gc239e29 to 0.14-a0-817-g3f7b0b1
136968 | Abyss:2  | Lost mutation: You are very frail (-20% HP). [a shining eye]
136969 | Abyss:2  | Gained mutation: You are very frail (-20% HP). [a shining eye]
137060 | Abyss:2  | Acquired Kikubaaqudgha's fourth power
137211 | D:23     | Escaped the Abyss
138322 | Zot:5    | Got the Orb of Zot
138509 | Zot:3    | Noticed Dofit the pandemonium lord
138518 | Zot:3    | Killed Dofit the pandemonium lord
139225 | D:11     | Lost mutation: Your digestive system is specialised to digest meat. [a neqoxec]
139346 | D:9      | Gained mutation: You are extremely frail (-30% HP). [potion of mutation]
139346 | D:9      | Lost mutation: You often lose your temper in combat. [potion of mutation]
139346 | D:9      | Lost mutation: You have large cloven feet. [potion of mutation]
139517 | D:$      | Escaped with the Orb!

Action                   |  1- 3 |  4- 6 |  7- 9 | 10-12 | 13-15 | 16-18 | 19-21 | 22-24 | 25-27 || total
-------------------------+-------+-------+-------+-------+-------+-------+-------+-------+-------++-------
Melee: Mace              |   153 |   150 |       |       |       |       |       |       |       ||   303
       Flail             |       |   111 |   643 |  1285 |       |     3 |       |       |       ||  2042
       Demon whip        |       |       |       |   551 |  2756 |  2935 |  2145 |  3534 |  5495 || 17416
       Great mace        |       |       |       |     9 |    85 |       |       |       |       ||    94
Throw: Javelin           |       |       |       |     8 |       |       |       |       |       ||     8
Invok: Heroism           |       |       |     2 |    14 |    30 |    42 |    34 |    33 |    21 ||   176
       Finesse           |       |       |       |     3 |     6 |    12 |    16 |     7 |     7 ||    51
 Abil: Evoke Berserk Rag |       |       |       |       |     1 |       |       |       |       ||     1
       Evoke Flight      |       |       |       |       |       |       |     2 |    20 |       ||    22
       Stop Flying       |       |       |       |       |       |       |       |     4 |       ||     4
       Hellfire          |       |       |       |       |       |       |       |       |     7 ||     7
Evoke: Wand              |       |       |     1 |     3 |    13 |     6 |    12 |     8 |    21 ||    64
       Miscellaneous     |       |       |       |       |       |     1 |     1 |       |     1 ||     3
  Use: Scroll            |     3 |    13 |     3 |    17 |    20 |    13 |     9 |    14 |    21 ||   113
       Potion            |       |       |     1 |     9 |    11 |    10 |    11 |     7 |    36 ||    85
 Stab: Fleeing           |       |       |       |       |       |     1 |     3 |     1 |     5 ||    10
       Distracted        |       |       |       |       |       |       |     1 |       |    24 ||    25
       Petrified         |       |       |       |       |       |       |       |     4 |       ||     4
       Invisible         |       |       |       |       |       |       |       |       |     3 ||     3
